 Dungeon Crawl Stone Soup version 0.19-a0-1344-g0798fd6 (webtiles) character file.

63 Ryco the Ducker (level 3, -2/28 HPs)
             Began as a Demonspawn Gladiator on Sept 1, 2016.
             Killed from afar by Ultraviolent4's ghost (8 damage)
             ... with a zap
             ... on level 3 of the Dungeon.
             The game lasted 00:05:50 (753 turns).

Ryco the Ducker (Demonspawn Gladiator)               Turns: 753, Time: 00:05:50

Health: -2/28      AC:  6    Str: 15    XL:     3   Next: 89%
Magic:  3/3        EV: 13    Int:  9    God:
Gold:   99         SH:  0    Dex: 14    Spells: 0 memorised, 2 levels left

rFire  + . .     SeeInvis .     a - +0 war axe
rCold  . . .     Gourm    .     j - +2 leather armour {rF+}
rNeg   . . .     Faith    .     (no shield)
rPois  .         Spirit   .     c - +0 helmet
rElec  .         Dismiss  .     (no cloak)
rCorr  .         Reflect  .     (no gloves)
MR     .....     Harm     .     (no boots)
Stlth  +.........               (no amulet)
                                (no ring)
                                (no ring)

@: drained
A: claws 1, rot immunity
a: no special abilities


You were on level 3 of the Dungeon.
You were not hungry.

You visited 1 branch of the dungeon, and saw 3 of its levels.

You collected 99 gold pieces.

Inventory:

Hand Weapons
 a - a +0 war axe (weapon)
 v - a +0 whip of draining
Missiles
 d - 3 throwing nets (quivered)
 k - 6 curare-tipped needles
Armour
 c - a +0 helmet (worn)
 j - a +2 leather armour of fire resistance (worn)
Jewellery
 r - an uncursed amulet of faith
 z - an uncursed ring of protection from magic {unknown}
Potions
 e - a potion of ambrosia
 m - 2 potions of might
 n - a potion of flight {unknown}
 o - a potion of haste {unknown}
 p - a potion of brilliance {unknown}
 q - a potion of berserk rage {unknown}
 s - a potion of curing {unknown}
 w - a potion of mutation {unknown}
Comestibles
 f - 3 bread rations
 g - a beef jerky
 h - 9 fruits
 u - a meat ration
 A - a royal jelly


   Skills:
 + Level 2.6(2.2) Fighting
 + Level 3.3(2.9) Axes
 + Level 2.0(1.6) Throwing
 + Level 3.4(3.0) Dodging


You had 2 spell levels left.
You didn't know any spells.

Dungeon Overview and Level Annotations

Branches:
Dungeon (3/15)

Altars:
Ashenzari

Annotations:
D:3 Ultraviolent4's ghost, weakling DsAE


Innate Abilities, Weirdness & Mutations

You have sharp fingernails.
You are immune to rotting.


Message History

* * * LOW HITPOINT WARNING * * *
The zap hits you!
* * * LOW HITPOINT WARNING * * *
Found a stone staircase leading down.
A dart slug comes into view.
Ultraviolent4's ghost casts a spell at you.
The zap hits you!
Ultraviolent4's ghost barely misses you.
Ultraviolent4's ghost barely misses you.
Found 11 gold pieces.
Ultraviolent4's ghost gestures at you while chanting.
The zap hits you!
* * * LOW HITPOINT WARNING * * *
There is a stone staircase leading down here.
Okay, then.
Unknown command.
You feel a little less mighty now.
Ultraviolent4's ghost casts a spell at you.
The zap hits you!
You die...

##########
#....$...#
#........#
+.@......#
#........#
#.W......#
#........#
#.w......#
#........#
#........+
###.##..##
#......#


You could see Ultraviolent4's ghost and a dart slug.

Vanquished Creatures
  2 gnolls (D:1)
  An adder (D:3)
  2 dart slugs
  2 giant geckos (D:2)
  A bat (D:1)
  3 giant cockroaches
  4 goblins
  4 hobgoblins
  A quokka (D:2)
  A giant newt (D:1)
  A kobold (D:2)
  7 rats
29 creatures vanquished.

Notes
Turn   | Place    | Note
-------+----------+-------------------------------------------
     0 | D:1      | Ryco the Demonspawn Gladiator began the quest for the Orb.
     0 | D:1      | Reached XP level 1. HP: 16/16 MP: 1/1
     5 | D:1      | Noticed a minotaur skeleton
   158 | D:1      | Gained mutation: You have sharp fingernails. [demonic ancestry]
   158 | D:1      | Reached XP level 2. HP: 15/22 MP: 2/2
   308 | D:2      | Found a shattered altar of Ashenzari.
   346 | D:1      | Gained mutation: You are immune to rotting. [demonic ancestry]
   346 | D:1      | Reached XP level 3. HP: 10/27 MP: 3/3
   737 | D:3      | Noticed Ultraviolent4's ghost (weakling DsAE)
   753 | D:3      | Killed from afar by Ultraviolent4's ghost

Vault maps used:
D:1:      shiori_arrival_whats_in_store_for_you
D:2:      ashenzari_altar_1, kennysheep_generic_room_10, uniq_natasha
D:3:      gup_sewer_entry_bowl, uniq_sigmund, uniq_crazy_yiuf_cottage

Skill      XL: |  1 |
---------------+----+-----
Axes           | 3 |  3.3
Throwing       | 2 |  2.0
Dodging        | 3 |  3.4
Fighting       | |  2.6

Action                   || total
-------------------------++-------
Melee: War axe           ||   116
  Use: Scroll            ||     7
       Potion            ||     2
Armor: Leather armour    ||    35
Dodge: Dodged            ||   119
